 Dungeon Crawl Stone Soup version 0.16-a0-4088-g7c8221e (webtiles) character file.

868 Sixotanaka the Grappler (level 7, -1/62 HPs)
             Began as a Troll Warper on Feb 23, 2015.
             Was a Believer of Cheibriados.
             Hit by a tomahawk thrown by an orc warrior (3 damage)
             ... on level 9 of the Dungeon.
             The game lasted 00:12:46 (4696 turns).

Sixotanaka the Grappler (Troll Warper)              Turns: 4696, Time: 00:12:46

Health: -1/62      AC:  5    Str: 25    XL:     7   Next: 73%
Magic:  5/5        EV:  5    Int: 17    God:    Cheibriados [**....]
Gold:   282        SH:  0    Dex: 14    Spells: 1 memorised, 7 levels left

rFire  . . .     SeeInvis .       - Unarmed
rCold  . . .     Clarity  .     b - +0 robe
rNeg   + . .     SustAb   .     (shield restricted)
rPois  .         Gourm    +     (helmet restricted)
rElec  .         Spirit   .     (no cloak)
rCorr  .         Warding  +     (gloves unavailable)
rMut   .         Stasis   .     (boots unavailable)
MR     .....                    h - amulet of warding
Stlth  ++........               F - +4 ring of intelligence
                                B - ring of stealth

@: petrifying, very slightly contaminated, very slow, not resistant to hostile
enchantments, unstealthy
A: unfitting armour, claws 3, fast metabolism 3, gourmand, regeneration 2,
shaggy fur 1, tough skin 2
a: Bend Time, Renounce Religion


You were on level 9 of the Dungeon.
You worshipped Cheibriados.
Cheibriados was pleased with you.
You were very full.

You visited 1 branch of the dungeon, and saw 7 of its levels.

You collected 282 gold pieces.


Innate Abilities, Weirdness & Mutations

You are too large for most types of armour.
You have claws for hands.
Your metabolism is lightning-fast.
You like to eat raw meat.
You heal very quickly.
You are covered in fur (AC +1).
You have very tough skin (AC +2).


   Skills:
 - Level 1.5 Fighting
 - Level 0.8 Throwing
 - Level 0.7 Armour
 - Level 1.5 Dodging
 + Level 9.0 Unarmed Combat
 - Level 1.2 Spellcasting
 - Level 2.1 Translocations


You had 7 spell levels left.
You knew the following spells:

 Your Spells              Type           Power        Failure   Level  Hunger
e - Apportation           Tloc           #.........   10%         1    ##.....


Dungeon Overview and Level Annotations

Branches:
Dungeon (9/15)             Temple (0/1) D:4            Lair (0/8) D:9
    Orc: D:9-12

Altars:
Ashenzari
Cheibriados
Gozag
Trog

Inventory:

Missiles
 e - 5 tomahawks of dispersal {!f}
 f - 148 stones (quivered)
 u - 3 tomahawks
 y - 12 poisoned needles
Armour
 b - a +0 robe (worn)
Jewellery
 h - an amulet of warding (around neck)
 B - a ring of stealth (left claw)
 F - a +4 ring of intelligence (right claw)
Magical devices
 D - a wand of lightning (2)
Scrolls
 d - a scroll of blinking
 g - 2 scrolls of noise {unknown}
 k - a scroll of amnesia {unknown}
 l - 3 scrolls of identify {unknown}
 m - 3 scrolls of magic mapping
 n - 2 scrolls of recharging {unknown}
 p - 2 scrolls of enchant weapon {unknown}
 q - 3 scrolls of teleportation {unknown}
 s - a scroll of fear {unknown}
 v - 2 scrolls of enchant armour {unknown}
 E - a scroll of immolation {unknown}
Potions
 i - 3 potions of heal wounds {unknown}
 r - 2 potions of flight {unknown}
 t - a potion of berserk rage {unknown}
 w - 2 potions of might {unknown}
 A - a potion of restore abilities {unknown}
Books
 c - a book of Spatial Translocations
Comestibles
 a - 6 meat rations
 j - 10 fruits
 o - 2 bread rations
 x - a slice of pizza
 z - 3 chunks of flesh
 C - a beef jerky

..♣r.Y.♣Y.........,,,,,,,,,,,,,,,
....*.Y...$(.........,,,,,,,,,,,,
*#r.r.......♣.,#......,,,,,,,,,,,
#..l...P..?.,*#.......,,,,,,,,,,
#..........,**#.o.oZ...,,,,,,,,,
#r#...#####** #........,,,,,,,,,
##r#############.o.>....,,,,,,,,,
5.......l.......o........,,,,,,,,
....†....*Y.....@5..#************
...*..############..# .....§#
*,.# ......# *,,#
......#***********,,*************
.......,,,,,,,,,,,,,,,,,,,,,,,,,,
########*************************


You could see a basilisk, an orc warrior, a sheep, an orc wizard, a shadow imp,
2 orcs, a giant frog zombie and a giant spore.


Message History

* * * LOW HITPOINT WARNING * * *
The sheep bites you.
* * * LOW HITPOINT WARNING * * *
The basilisk is no longer bleeding.
The sheep bites you but does no damage.
The sheep "Baaaas" balefully.
The river rat bites you.
* * * LOW HITPOINT WARNING * * *
The basilisk bites you.
* * * LOW HITPOINT WARNING * * *
The sheep bites you!
* * * LOW HITPOINT WARNING * * *
The sheep bites you!
* * * LOW HITPOINT WARNING * * *
The river rat bites you but does no damage.
The basilisk gazes at you. You resist with significant effort.
The sheep bites you.
* * * LOW HITPOINT WARNING * * *
You turn to flesh and can move again.
Read which item? (? for menu, Esc to quit)
Blink to where?
You are very lightly contaminated with residual magic.
As you read the scroll of blinking, it crumbles to dust.
A crimson imp comes into view.
The crimson imp sputters.
The sheep "Baaaas" balefully.
The crimson imp barely misses you.
You barely miss the crimson imp. The crimson imp spits at you.
The crimson imp blinks!
The crimson imp laughs crazily.
The crimson imp blinks!
The crimson imp blinks!
The basilisk hisses menacingly.
The river rat barely misses you.
You mangle the river rat!!
You kill the river rat!
Cheibriados appreciates the change of pace.
Cheibriados raises the support of your attributes as your movement slows.
You scratch the basilisk.
The basilisk begins to bleed from its wounds!
You barely miss the basilisk. The basilisk bites you!
* * * LOW HITPOINT WARNING * * *
The sheep bites you.
* * * LOW HITPOINT WARNING * * *
The crimson imp blinks!
Drink which item? (? for menu, Esc to quit)
Okay, then.
Read which item? (? for menu, Esc to quit)
Blink to where?
As you read the scroll of blinking, it crumbles to dust.
A shadow imp comes into view.
Found a stone staircase leading down.
An orc and an orc warrior come into view.
An orc wizard comes into view. It is wielding a dagger.
The shadow imp shouts, "Get thee gone, thou unhinged flap-mouthed crab-lanthorn!"
An orc comes into view.
The orc wizard shouts!
The orc shouts!
The basilisk gazes at you.
You are slowing down.
The shadow imp summons a swarm of flies.
A giant frog zombie comes into view.
The orc warrior shouts!
You claw the shadow imp! The basilisk gazes at you.
You resist with significant effort. The shadow imp hits you.
* * * LOW HITPOINT WARNING * * *
The orc hits you with a dagger of speed.
* * * LOW HITPOINT WARNING * * *
The orc warrior throws a tomahawk.
The tomahawk hits you.
You die...

Action                   |  1- 3 |  4- 6 |  7- 9 || total
-------------------------+-------+-------+-------++-------
Melee: Unarmed           |   129 |   176 |    66 ||   371
Throw: Stone             |       |       |     4 ||     4
Invok: Bend Time         |       |       |     1 ||     1
  Use: Scroll            |       |       |     3 ||     3
       Potion            |       |       |     1 ||     1
 Stab: Sleeping          |       |     2 |       ||     2
  Eat: Chunk             |    21 |    22 |     3 ||    46

Vault maps used:
D:1:      minmay_arrival_stair_chambers
D:2:      lemuel_upstairs_altar, cheibriados_altar_1, minmay_goblin_kobold_house
D:3:      st_stairs_9, kennysheep_generic_room_2
D:4:      kennysheep_little_box, grunt_gozag_statues, minmay_temple_entry_hall,
          first_bread
D:5:      old_standard_altar, grunt_decor_mini_mirrors
D:6:      uniq_duvessa
D:9:      grunt_dithmenos_smoke, zin_treasury, minmay_lair_entry_grove,
          hangedman_tree_tricks

Notes
Turn   | Place    | Note
--------------------------------------------------------------
     0 | D:1      | Sixotanaka, the Troll Warper, began the quest for the Orb.
     0 | D:1      | Reached XP level 1. HP: 19/19 MP: 2/2
     0 | D:1      | Sixotanaka: duh
     0 | D:1      | zzxc: no matter how you look at it
     0 | D:1      | Sixotanaka: of course it's unnecessary
     0 | D:1      | zzxc: unnecessary death
   156 | D:1      | zzxc: I think patience is a big part of crawl
   156 | D:1      | Reached XP level 2. HP: 27/27 MP: 2/2
   433 | D:1      | Reached skill level 3 in Unarmed Combat
   434 | D:1      | zzxc: deciding to just skip a ghost
   434 | D:1      | zzxc: requires a bit of patience
   434 | D:1      | Sixotanaka: i would have looked it up
   434 | D:1      | Sixotanaka: literally the last thing you said to me was "it's irrelevant"
   434 | D:1      | zzxc: no...
   434 | D:1      | Sixotanaka: after I said like 3 things about him zerking
   434 | D:1      | Sixotanaka: and wanting to look it up
   434 | D:1      | zzxc: ok what I said was
   451 | D:1      | zzxc: does it even matter?
   471 | D:1      | zzxc: that zerking makes any difference
   471 | D:1      | Sixotanaka: well i trusted you
   471 | D:1      | zzxc: because I've never heard of that
   471 | D:1      | zzxc: sigh
   471 | D:1      | zzxc: so now it's my fault
   471 | D:1      | Sixotanaka: and you were off-topic
   471 | D:1      | zzxc: that you took a stupid figiht
   471 | D:1      | Sixotanaka: no
   471 | D:1      | zzxc: with a stupid god
   471 | D:1      | Sixotanaka: it's my fault
   506 | D:1      | zzxc: away from stairs
   511 | D:1      | zzxc: and didn't watch health
   528 | D:1      | Sixotanaka: yeah
   528 | D:1      | zzxc: and didn't use any escapes
   545 | D:1      | Sixotanaka: i never said it was your fault
   729 | D:1      | Sixotanaka: i misunderstood
   729 | D:1      | Sixotanaka: what you said
   729 | D:1      | Sixotanaka: because I said a bunch of stuff about him being scary
   729 | D:1      | Sixotanaka: and you said "it's irrelevant you're strong"
   729 | D:1      | zzxc: I said specifically to stand on stairs
   734 | D:1      | zzxc: yeah
   734 | D:1      | Sixotanaka: spread out over 5 lines
   734 | D:1      | zzxc: it actually is irrelevant when you're on stairs
   734 | D:1      | Sixotanaka: some with different context
   742 | D:1      | zzxc: because you can escape immediately
   742 | D:1      | Sixotanaka: i went from
   742 | D:1      | zzxc: reset the fight
   742 | D:1      | Sixotanaka: full
   742 | D:1      | zzxc: you can keep fighting till you get good RNG from the start of the fight
   742 | D:1      | Sixotanaka: to starving
   742 | D:1      | Sixotanaka: spamming shout on stairs
   747 | D:1      | zzxc: well then
   747 | D:1      | zzxc: if he wont come
   747 | D:1      | Sixotanaka: decided to just fight
   747 | D:1      | Sixotanaka: and pressed attack 3 times
   747 | D:1      | Sixotanaka: and died
   747 | D:1      | zzxc: I didnt exactly cover that
   747 | D:1      | Sixotanaka: didn't expect it
   747 | D:1      | zzxc: in my recommendation
   747 | D:1      | Sixotanaka: i can't play like a complete pussy like you do
   747 | D:1      | zzxc: lol
   747 | D:1      | Sixotanaka: crawl would be so boring
   747 | D:1      | Reached XP level 3. HP: 33/33 MP: 3/3
   923 | D:2      | zzxc: it's just
   924 | D:2      | zzxc: a ghost
   952 | D:2      | zzxc: ghosts have a unique attribute
  1013 | D:2      | zzxc: they cant go up/down stairs
  1119 | D:2      | Found a snail-covered altar of Cheibriados.
  1346 | D:2      | zzxc: fighting them on the stair is the right way to do it
  1467 | D:2      | Reached skill level 4 in Unarmed Combat
  1850 | D:3      | zzxc: zapping a lightning wand would also do it
  1850 | D:3      | zzxc: scroll of noise
  1850 | D:3      | zzxc: like you did
  1850 | D:3      | zzxc: and if it sstill doesnt come
  1850 | D:3      | Sixotanaka: I read 3 of them
  1850 | D:3      | zzxc: like
  1879 | D:3      | zzxc: in a short amount of tmie
  1963 | D:3      | zzxc: just leave him
  1973 | D:3      | zzxc: I would kite him back to stairs
  1976 | D:3      | zzxc: on any other char
  1980 | D:3      | zzxc: but not chei obviously
  1980 | D:3      | Reached XP level 4. HP: 12/41 MP: 4/4
  1980 | D:3      | HP: 7/41 [orc wizard/staff of energy (5)]
  1981 | D:3      | Reached skill level 5 in Unarmed Combat
  1984 | D:3      | Reached XP level 5. HP: 10/48 MP: 4/4
  2361 | D:3      | Sixotanaka: I am also distracted
  2361 | D:3      | Sixotanaka: and didn't sleep at all last night
  2361 | D:3      | zzxc: very well
  2361 | D:3      | Sixotanaka: I mean if you want to watch absolutely perfect play you shouldn't watch me
  2376 | D:3      | zzxc: just dont imply it's at all my fault
  2388 | D:3      | Sixotanaka: i didn't
  2388 | D:3      | Sixotanaka: and i told you i didn' tmean that
  2464 | D:3      | zzxc: you might say that but it looked a lot like that
  2464 | D:3      | zzxc: before it
  2464 | D:3      | Sixotanaka: I could very well tell me "don't imply something that could be a challenge isn't a challenge"
  2464 | D:3      | Sixotanaka: and it'd be as accurate as you telling me not to imply it's your fault
  2471 | D:3      | zzxc: it ISNT a challenge on stairs
  2670 | D:3      | Sixotanaka: then say it like that
  2670 | D:3      | zzxc: stairs are a way to game ghosts
  2696 | D:3      | Sixotanaka: you specifically said
  2696 | D:3      | Sixotanaka: "i'd fight it on stairs"
  2696 | D:3      | Sixotanaka: "it's irrelevant"
  2696 | D:3      | Sixotanaka: like that
  2696 | D:3      | Sixotanaka: how do I know?
  3039 | D:4      | Reached skill level 6 in Unarmed Combat
  3100 | D:4      | Found an opulent altar of Gozag.
  3133 | D:4      | Sixotanaka: you made as many implications there as I did by explaining that you confused me
  3151 | D:4      | Sixotanaka: unintentional yeah, you said it was unintentional after
  3151 | D:4      | Sixotanaka: but so did I
  3151 | D:4      | Sixotanaka: same thing
  3151 | D:4      | Reached XP level 6. HP: 55/55 MP: 5/5
  3267 | D:4      | Found a shattered altar of Ashenzari.
  3395 | D:2      | Became a worshipper of Cheibriados the Contemplative
  3593 | D:4      | Found a staircase to the Ecumenical Temple.
  3594 | D:4      | Noticed FishServ's ghost (average KoAK)
  3640 | D:4      | zzxc: if you want to avoid silly deaths you should probably avoid chei
  3673 | D:4      | Sixotanaka: yolo
  3679 | D:4      | Killed FishServ's ghost
  3679 | D:4      | Reached skill level 7 in Unarmed Combat
  3851 | D:5      | Entered Level 5 of the Dungeon
  3905 | D:5      | Found a bloodstained altar of Trog.
  4023 | D:5      | zzxc: the defensive aspects of chei are outweighed by movement speed for tactical positioning
  4049 | D:5      | zzxc: and the offensive aspects are outweighed by haste adding damage per time
  4049 | D:5      | Sixotanaka: I'm aware...
  4119 | D:5      | zzxc: so it makes chei a bad god
  4164 | D:5      | Reached XP level 7. HP: 52/62 MP: 5/5
  4203 | D:5      | zzxc: compared to something simple like oka
  4208 | D:5      | Sixotanaka: yeah
  4208 | D:5      | Sixotanaka: but oka is boring
  4332 | D:5      | Reached skill level 8 in Unarmed Combat
  4453 | D:6      | Noticed Duvessa
  4462 | D:6      | Noticed Dowan
  4467 | D:6      | Killed Duvessa
  4470 | D:6      | HP: 5/62 [Dowan/shard of ice (25)]
  4475 | D:6      | Killed Dowan
  4553 | D:6      | zzxc: you could go dith
  4562 | D:6      | zzxc: at least dith doesnt cripple your movespeed
  4574 | D:6      | Reached skill level 9 in Unarmed Combat
  4669 | D:6      | You fall through a shaft for 3 floors!
  4669 | D:9      | Found a staircase to the Lair.
  4669 | D:9      | Noticed a basilisk
  4669 | D:9      | Noticed a basilisk
  4669 | D:9      | Noticed a basilisk
  4671 | D:9      | Sixotanaka: uh
  4671 | D:9      | zzxc: wow that is nasty
  4671 | D:9      | Sixotanaka: ok game
  4671 | D:9      | Sixotanaka: this always happens to me rofl
  4671 | D:9      | zzxc: are you standing on lair stairs?
  4671 | D:9      | zzxc: I dont understand
  4676 | D:9      | zzxc: how did you get there
  4679 | D:9      | HP: 13/62 [sheep (5)]
  4681 | D:9      | Sixotanaka: hole
  4681 | D:9      | Sixotanaka: in the floor
  4681 | D:9      | Sixotanaka: i stumbled on
  4681 | D:9      | Sixotanaka: while autoexploring
  4681 | D:9      | zzxc: rofl
  4681 | D:9      | Sixotanaka: yeah...
  4681 | D:9      | zzxc: and it placed you
  4681 | D:9      | zzxc: on the lair stairs?
  4681 | D:9      | zzxc: wtf
  4686 | D:9      | zzxc: that is actually
  4687 | D:9      | zzxc: reeeeeeally funny
  4687 | D:9      | Sixotanaka: it's not even the worst
  4687 | D:9      | Sixotanaka: i've had
  4687 | D:9      | Sixotanaka: it's been way worse
  4687 | D:9      | Sixotanaka: i've stumbled onto a random tp trap
  4687 | D:9      | Sixotanaka: and ended up in one of those high level monster vaults
  4687 | D:9      | Sixotanaka: u know the ones?
  4687 | D:9      | Sixotanaka: that are like behind glass and stuff
  4687 | D:9      | zzxc: lol
  4691 | D:9      | HP: 4/62 [basilisk (10)]
  4692 | D:9      | zzxc: I would've thought those vaults would have a no tele flag
  4693 | D:9      | zzxc: or something
  4696 | D:9      | HP: 3/62 [shadow imp (2)]
  4696 | D:9      | Hit by a tomahawk thrown by an orc warrior

Vanquished Creatures
  A centaur (D:6)
  The ghost of FishServ the Skirmisher, an average KoAK of Lugonu (D:4)
  Duvessa (D:6)
  Dowan (D:6)
  2 crimson imps (D:5)
  A jelly (D:5)
  2 giant frog zombies
  An orc priest (D:3)
  5 orc wizards
  3 worker ants
  A river rat (D:9)
  3 adders
  5 gnolls
  A giant mite (D:5)
  3 worms
  An adder zombie (D:5)
  An adder skeleton (D:4)
  A giant gecko (D:4)
  An ooze (D:4)
  11 orcs
  A ball python (D:5)
  12 goblins
  10 hobgoblins
  13 bats
  2 giant cockroaches
  2 giant gecko skeletons
  2 giant newts
  3 jackals (D:2)
  10 kobolds
  2 quokkas (D:5)
  16 rats
119 creatures vanquished.
